 Dungeon Crawl Stone Soup version 0.30.1-11-g7821555f0a (webtiles) character file.

Game seed: 5023734579772347548

7 Chiseanne the Magician (level 1, -2/15 HPs)
             Began as a Demonspawn Wanderer on Nov 25, 2023.
             Frozen to death by an endoplasm (5 damage)
             ... on level 1 of the Dungeon.
             The game lasted 00:00:20 (201 turns).

Chiseanne the Magician (Demonspawn Wanderer)         Turns: 201, Time: 00:00:21

Health: -2/15      AC:  2    Str: 10    XL:     1   Next: 83%
Magic:  4/4        EV: 12    Int: 13    God:
Gold:   19         SH:  0    Dex: 14    Spells: 6/6 levels left

rFire   . . .        a - +1 spear
rCold   . . .        (no shield)
rNeg    . . .        c - +0 robe
rPois   .            (no helmet)
rElec   .            (no cloak)
rCorr   .            (no gloves)
SInv    .            (no boots)
Will    .....        (no amulet)
Stlth   +            (no ring)
HPRegen 0.22/turn    (no ring)
MPRegen 0.09/turn

%: no passive effects
@: no status effects
A: no striking features
a: no special abilities


You were on level 1 of the Dungeon.
You visited 1 branch of the dungeon, and saw 1 of its levels.

You collected 19 gold pieces.

Inventory:

Hand Weapons
 a - a +1 spear (weapon)
Missiles
 e - 4 stones (quivered)
Armour
 c - a +0 robe (worn)
Scrolls
 b - a scroll of fear
 f - a scroll of identify {unknown}
Potions
 d - a potion of mutation {unknown}


   Skills:
 * Level 1.5 Fighting
 - Level 2.6 Polearms
 - Level 1.0 Armour
 * Level 1.4 Dodging
 - Level 3.0 Spellcasting


You had 6 spell levels left.
You didn't know any spells.
Your spell library contained the following spells:

 Spells                   Type           Power      Damage    Failure   Level
 Freeze                   Ice            4%         1d3       22%         1
 Sandblast                Erth           2%         2d4       22%         1
 Scorch                   Fire           2%         2d5       34%         2
 Call Canine Familiar     Summ           1%         N/A       56%         3


Dungeon Overview and Level Annotations

Branches:
Dungeon (1/15)

Altars:


Message History

You hit the dart slug.
The dart slug is heavily wounded.
The bat barely misses you. x2
You hit the dart slug.
The dart slug is severely wounded.
The bat barely misses you. The dart slug closely misses you.
The endoplasm freezes you.
You are frozen.
You are too injured to fight recklessly!
You are too injured to fight recklessly!
You are too injured to fight recklessly!
You are too injured to fight recklessly!
You are too injured to fight recklessly!
You are too injured to fight recklessly!
You are too injured to fight recklessly!
You are too injured to fight recklessly!
You are too injured to fight recklessly!
You are too injured to fight recklessly!
You are too injured to fight recklessly!
You are too injured to fight recklessly!
You are too injured to fight recklessly!
You are too injured to fight recklessly!
You are too injured to fight recklessly!
You are too injured to fight recklessly!
You are too injured to fight recklessly!
You are too injured to fight recklessly!
You are too injured to fight recklessly!
You hit the dart slug but do no damage.
The dart slug is severely wounded.
The bat hits you.
* * * LOW HITPOINT WARNING * * *
The endoplasm hits you.
* * * LOW HITPOINT WARNING * * *
The dart slug barely misses you.
You hit the dart slug.
You kill the dart slug!
The bat closely misses you. The endoplasm freezes you.
You are frozen.
You die...

..... ...+
...... ...)#
....). ...)#
......# ....#
......###....#
.....b....#
####+#.J.....#
........@....#
###.........#
##.........#
#..........#
##.#.########
#..#.# #.##.#
#.##.#
#######.##.#


You could see an endoplasm and a bat.

Vanquished Creatures
  A dart slug (D:1)
  An endoplasm (D:1)
  A goblin (D:1)
  A quokka (D:1)
  A ball python (D:1)
  A frilled lizard (D:1)
  2 kobolds (D:1)
8 creatures vanquished.

Notes
Turn   | Place    | Note
-------+----------+-------------------------------------------
     0 | D:1      | Chiseanne the Demonspawn Wanderer began the quest for the
                  | Orb.
     0 | D:1      | Chiseanne set off with the following items: a +1 spear, a
                  | scroll of fear, a +0 robe; and the following spells
                  | available to memorise: Freeze, Sandblast, Scorch, Call
                  | Canine Familiar.
     0 | D:1      | Reached XP level 1. HP: 15/15 MP: 4/4
   201 | D:1      | Frozen to death by an endoplasm

Illustrated notes

Levels and vault maps discovered:
D:1:      lemuel_arrival_river_ford, layout_basic

Action                     || total
---------------------------++-------
  Melee: Spear             ||    35
 Armour: Robe              ||     6
  Dodge: Dodged            ||    19
